 Dungeon Crawl Stone Soup version 0.32-a0-893-gf85d74f360 (webtiles) character file.

Game seed: 16049946659263065041

92 Enfaeutchie the Shooter (level 4, -3/33 HPs)
             Began as a Formicid Hunter on Apr 3, 2024.
             Slain by a gnoll
             ... wielding a +0 flail
              (10 damage)
             ... on level 2 of the Dungeon.
             The game lasted 00:02:16 (1024 turns).

Enfaeutchie the Shooter (Formicid Hunter)           Turns: 1024, Time: 00:02:17

Health: -3/33      AC:  3    Str: 16    XL:     4   Next: 90%
Magic:  4/4        EV: 11    Int:  8    God:
Gold:   88         SH:  0    Dex: 19    Spells: 3/3 levels left

rFire   + . .        a - +0 shortbow
rCold   . . .        (no shield)
rNeg    . . .        c - +0 leather armour
rPois   .            (helmet unavailable)
rElec   .            (no cloak)
rCorr   .            (no gloves)
SInv    +            (no boots)
Will    .....        (no amulet)
Stlth   ++           e - ring of protection from fire
HPRegen 0.25/turn    (no ring)
MPRegen 0.09/turn

%: no passive effects
@: no status effects
A: permanent stasis, dig shafts and tunnels, antennae 3, four strong arms
a: Dig, Shaft Self


You were on level 2 of the Dungeon.
You visited 1 branch of the dungeon, and saw 2 of its levels.

You collected 88 gold pieces.

Inventory:

Hand Weapons
 a - a +0 shortbow (weapon)
Missiles
 g - 2 throwing nets {!f}
Armour
 c - a +0 leather armour (worn)
Jewellery
 e - a ring of protection from fire (left hand)
Scrolls
 b - a scroll of butterflies
 f - a scroll of amnesia
 i - a scroll of acquirement {unknown}
Potions
 h - a potion of mutation {unknown}


   Skills:
 - Level 2.1 Fighting
 + Level 5.9 Ranged Weapons
 - Level 1.7 Dodging
 - Level 1.2 Stealth


You had 3 spell levels left.
You didn't know any spells.
Your spell library contained the following spells:

 Spells                   Type           Power      Damage    Failure   Level
 Shock                    Conj/Air       0%         1d3       47%         1
 Airstrike                Air            0%         2d(0-16)  99%         4
 Swiftness                Air            Unusable   N/A       N/A         3

Dungeon Overview and Level Annotations

Branches:
Dungeon (2/15)

Altars:

Shops:
D:1 :


Innate Abilities, Weirdness & Mutations

You cannot be hasted, slowed, berserked, paralysed or teleported.
You can dig through walls and to a lower floor.
You have a pair of large antennae on your head. (SInv)
Your four strong arms can wield two-handed weapons with a shield.


Message History

You become entangled in the net!
You are held in a net!
You are held in a net!
You cannot shoot with your shortbow while held in a net.
Unknown command.
You struggle against the net.
You tear a large gash into the net.
You rip the net and break free!
There is a stone staircase leading up here.
You shoot an arrow. The arrow hits the gnoll.
The gnoll is heavily wounded.
You shoot an arrow. The arrow hits the gnoll.
The gnoll is severely wounded.
You shoot an arrow. The arrow misses the gnoll.
You shoot an arrow. The arrow hits the gnoll.
The gnoll is almost dead.
The gnoll hits you with a +0 flail. The gnoll misses you.
You shoot an arrow.
The arrow hits the gnoll but does no damage.
The gnoll is almost dead.
The gnoll barely misses you.
You shoot an arrow. The arrow misses the gnoll.
The gnoll hits you with a +0 flail!
You are too injured to fight recklessly!
You shoot an arrow.
The arrow hits the gnoll but does no damage.
The gnoll is almost dead.
The gnoll hits you with a +0 flail.
You shoot an arrow. The arrow barely misses the gnoll.
The gnoll hits you with a +0 flail!
You shoot an arrow. The arrow completely misses the gnoll.
The gnoll hits you with a +0 flail!
* * * LOW HITPOINT WARNING * * *
You feel much better. The gnoll hits you with a +0 flail!
You shoot an arrow. The arrow completely misses the gnoll.
The gnoll hits you with a +0 flail.
* * * LOW HITPOINT WARNING * * *
You shoot an arrow. The arrow barely misses the gnoll.
The gnoll hits you with a +0 flail!
You die...

#..##.####.###.........
##.....# #.# #.........
####..###.# #.........
##......###.....^...
##...####....#......# #..#.#
############# ##.##.# #...
###.....# ....# #..)
#######....##@# ....######)..
#......)##.##g# ..........(.>
#.......##.##.# ....#########
#.........{##.# .....#
#########..##.###.......######
#..........$.รท).# .....{#
#..........#..#.... ......
#..........##.##### ###...
#.[........##....#####.....


You could see a gnoll.

Vanquished Creatures
  4 gnolls
  2 adders (D:2)
  A dart slug (D:2)
  An endoplasm (D:2)
  A giant cockroach (D:1)
  4 hobgoblins
  5 kobolds
  A quokka (D:2)
  4 ball pythons
  A frilled lizard (D:2)
  5 goblins
  5 rats
34 creatures vanquished.

Notes
Turn   | Place    | Note
-------+----------+-------------------------------------------
     0 | D:1      | Enfaeutchie the Formicid Hunter began the quest for the
                  | Orb.
     0 | D:1      | Reached XP level 1. HP: 16/16 MP: 1/1
    43 | D:1      | Found Acannaol's Book Emporium.
    93 | D:1      | Reached XP level 2. HP: 21/22 MP: 2/2
   288 | D:1      | Reached XP level 3. HP: 16/27 MP: 3/3
   421 | D:1      | Reached skill level 5 in Ranged Weapons
   796 | D:2      | Reached XP level 4. HP: 30/33 MP: 4/4
  1024 | D:2      | Slain by a gnoll

Illustrated notes

Levels and vault maps discovered:
D:1:      spicycebolla_arrival_clurvy, layout_rooms, serial_shops, shop_statue,
          hex_tiny, chequers_serial_rivers_small_3
D:2:      layout_rooms

Skill      XL: |  1  2  3 |
---------------+----------+-----
Ranged Weapons | 5 |  5.9
Fighting       | |  2.1
Dodging        | |  1.7
Stealth        | |  1.2

Action                     |  1- 3 |  4- 6 || total
---------------------------+-------+-------++-------
   Fire: Shortbow          |    92 |    43 ||   135
    Use: Scroll            |     6 |       ||     6
         Potion            |       |     1 ||     1
 Armour: Leather armour    |    19 |    10 ||    29
  Dodge: Dodged            |    13 |     7 ||    20

Table legend: (Time is in decaauts)
 A = Elapsed time spent in this place.
 B = Non-inter-level travel time spent in this place.
 C = Inter-level travel time spent in this place.
 D = Time resting spent in this place.
 E = Time spent auto-exploring this place.
 F = Levels seen in this place.
 G = Mean time per level.
                   A        B        C        D        E       F      G
               +--------+--------+--------+--------+--------+-----+--------+
         Total |   1051 |   1024 |     27 |      0 |    766 |   2 |  525.5 |
       Dungeon |   1051 |   1024 |     27 |      0 |    766 |   2 |  525.5 |
               +--------+--------+--------+--------+--------+-----+--------+

Top non-repeatable levels by time:
     D:1: 629 daAuts
     D:2: 421 daAuts
